 Dungeon Sprint DCSS version 0.30-a0-808-g6e0788376e (webtiles) character file.

Game seed: 4872711209991061397

1212 rocky1 the Basher (level 8, -20/78 HPs)
             Began as a Minotaur Fighter on Feb 27, 2023.
             Was a Priest of Okawaru.
             Killed from afar by an efreet (33 damage)
             ... with a fireball
             ... in the Dungeon (Sprint IX: "|||||||||||||||||||||||||||||").
             The game lasted 00:01:27 (804 turns).

rocky1 the Basher (Minotaur Fighter)                 Turns: 804, Time: 00:01:28

Health: -20/78     AC: 11    Str: 23    XL:     8   Next: 22%
Magic:  7/7        EV: 16    Int:  5    God:    Okawaru [***...]
Gold:   0          SH:  6    Dex: 10    Spells: 7/7 levels left

rFire   . . .      SeeInvis .    a - +0 flail
rCold   . . .      Faith    .    c - +0 buckler
rNeg    . . .      Spirit   .    r - +1 scale mail
rPois   .          Reflect  .    (helmet restricted)
rElec   .          Harm     .    (no cloak)
rCorr   .          Rampage  .    (no gloves)
Will    .....      NoTele   +    o - +0 pair of boots Stlth
                                 (no amulet)
HPRegen 0.33/turn                p - +2 ring of evasion
MPRegen 0.10/turn                q - +2 ring of evasion

@: no status effects
A: horns 2, retaliatory headbutt
a: Renounce Religion, Heroism


You were in the Dungeon.
You worshipped Okawaru.
Okawaru was most pleased with you.
You visited 1 branch

Inventory:

Hand Weapons
 a - a +0 flail (weapon)
 n - a +2 heavy dire flail
Armour
 b - a +0 scale mail
 c - a +0 buckler (worn)
 o - a +0 pair of boots (worn)
 r - a +1 scale mail (worn)
Jewellery
 p - a +2 ring of evasion (left hand)
 q - a +2 ring of evasion (right hand)
Wands
 m - a wand of roots (10)
Scrolls
 j - 2 scrolls of blinking
 l - 2 scrolls of amnesia
Potions
 d - a potion of might
 e - a potion of invisibility
 f - 2 potions of heal wounds
 g - a potion of haste
 h - 4 potions of magic
 k - 4 potions of curing


   Skills:
 + Level 9.5 Fighting
 * Level 12.7 Maces & Flails
 + Level 9.7 Armour
 + Level 8.0 Dodging
 + Level 9.8 Shields


You had 7 spell levels left.
You didn't know any spells.
Your spell library was empty.

Dungeon Overview and Level Annotations

Branches:
Dungeon (1/1)

Altars:
Cheibriados
Dithmenos
Elyvilon
Fedhas
Gozag
Hepliaklqana
Kikubaaqudgha
Makhleb
Nemelex Xobeh
Okawaru
Qazlal
Ru
Sif Muna
Trog
Uskayaw
Vehumet
Wu Jian
Xom
Yredelemnul
Zin
The Shining One
Jiyva
Lugonu


Innate Abilities, Weirdness & Mutations

You have a pair of horns on your head.
You reflexively headbutt those who attack you in melee.


Message History

You feel stronger.
Unknown command.
You barely miss the efreet. Your headbutt misses the efreet.
The meliai mumbles some strange prayers to its god against you.
Something smites you! The efreet gestures at you.
The fireball explodes!
The fireball engulfs you.
The fireball engulfs the efreet.
The efreet completely resists.
The orc wizard casts a spell.
The orc wizard flickers and vanishes!
Deactivating autopickup; reactivate with Ctrl-A.
You hit the efreet.
The efreet is lightly wounded.
You hit the efreet.
You headbutt the efreet, but do no damage.
The efreet is lightly wounded.
The efreet gestures at you.
The fireball explodes!
The fireball engulfs you!!
The fireball engulfs the efreet.
The efreet completely resists.
The meliai invokes the aid of its god against you.
Something smites you!
You hit the efreet. You headbutt the efreet!
The efreet is heavily wounded.
The efreet gestures at you.
The fireball explodes!
The fireball engulfs you!
* * * LOW HITPOINT WARNING * * *
The fireball engulfs the efreet.
The efreet completely resists.
You feel much better. The efreet gestures at you. The bolt of fire hits you!
* * * LOW HITPOINT WARNING * * *
Unknown command.
You hit the efreet but do no damage.
The efreet is heavily wounded.
The meliai mumbles some strange prayers to its god against you.
Something smites you!
* * * LOW HITPOINT WARNING * * *
The efreet gestures at you.
The fireball explodes!
The fireball engulfs you!!
You die... ▓▓▓▓▓▓▓▓▓▓▓▓▓▓▓▓▓▓▓▓▓▓▓▓ ..)..[...').....@RHyR○{+ ▓▓▓▓▓▓▓▓▓▓▓▓▓▓▓▓▓▓▓▓▓▓▓▓

You could see a manticore, 2 efreet and a meliai.

Vanquished Creatures
  A deep elf pyromancer (D)
  2 yaks (D)
  A vampire (D)
  A steam dragon (D)
  An acid dragon (D)
  A phantom (D)
  An adder (D)
  A shadow imp (D)
  A white imp (D)
  An orc (D)
  A goblin (D)
  A quokka (D)
  A bat (D)
  2 frilled lizards (D)
16 creatures vanquished.

Vanquished Creatures (others)
  An orc wizard (D)
1 creature vanquished.

Grand Total: 17 creatures vanquished

Notes
Turn   | Place    | Note
-------+----------+-------------------------------------------
     0 | D        | rocky1 the Minotaur Fighter began the quest for the Orb.
     0 | D        | Reached XP level 1. HP: 19/19 MP: 0/0
    11 | D        | Reached skill level 3 in Maces & Flails
    13 | D        | Reached skill level 1 in Dodging
   121 | D        | Noticed a phantom
   127 | D        | Reached XP level 2. HP: 9/27 MP: 1/1
   130 | D        | Reached skill level 4 in Maces & Flails
   141 | D        | Killed a phantom
   142 | D        | Reached skill level 5 in Fighting
   142 | D        | Reached skill level 6 in Maces & Flails
   142 | D        | Reached skill level 5 in Armour
   142 | D        | Reached skill level 5 in Shields
   142 | D        | Reached XP level 3. HP: 12/36 MP: 2/2
   142 | D        | Reached XP level 4. HP: 14/42 MP: 3/3
   461 | D        | Found a snail-covered altar of Cheibriados.
   461 | D        | Found a shadowy altar of Dithmenos.
   461 | D        | Found a white marble altar of Elyvilon.
   461 | D        | Found a blossoming altar of Fedhas.
   461 | D        | Found an opulent altar of Gozag.
   462 | D        | Found a hazy altar of Hepliaklqana.
   463 | D        | Found a viscous altar of Jiyva.
   464 | D        | Found an ancient bone altar of Kikubaaqudgha.
   465 | D        | Found a corrupted altar of Lugonu.
   466 | D        | Found a burning altar of Makhleb.
   467 | D        | Found a sparkling altar of Nemelex Xobeh.
   468 | D        | Found an iron altar of Okawaru.
   469 | D        | Found a stormy altar of Qazlal.
   470 | D        | Found a sacrificial altar of Ru.
   471 | D        | Found a shimmering blue altar of Sif Muna.
   472 | D        | Found a bloodstained altar of Trog.
   473 | D        | Found a hide-covered altar of Uskayaw.
   474 | D        | Found a radiant altar of Vehumet.
   475 | D        | Found an ornate altar of the Wu Jian Council.
   476 | D        | Became a worshipper of Warmaster Okawaru
   477 | D        | Found a shimmering altar of Xom.
   478 | D        | Found a basalt altar of Yredelemnul.
   479 | D        | Found a glowing silver altar of Zin.
   480 | D        | Found a glowing golden altar of the Shining One.
   488 | D        | Found the +9 sword of Zonguldrok {reap}
   530 | D        | Noticed a vampire
   530 | D        | Noticed a yak
   530 | D        | Noticed an acid dragon
   530 | D        | Noticed a steam dragon
   530 | D        | Noticed a yak
   533 | D        | Killed a vampire
   534 | D        | Reached skill level 8 in Maces & Flails
   534 | D        | Reached skill level 5 in Dodging
   534 | D        | Reached XP level 5. HP: 51/51 MP: 4/4
   537 | D        | Killed a yak
   537 | D        | Reached * piety under Okawaru
   538 | D        | Reached skill level 10 in Maces & Flails
   538 | D        | Reached XP level 6. HP: 61/61 MP: 5/5
   543 | D        | Killed an acid dragon
   543 | D        | Reached ** piety under Okawaru
   546 | D        | Killed a steam dragon
   547 | D        | Reached skill level 11 in Maces & Flails
   547 | D        | Reached XP level 7. HP: 47/69 MP: 6/6
   553 | D        | Killed a yak
   792 | D        | Noticed a deep elf pyromancer
   792 | D        | Noticed an efreet
   792 | D        | Noticed a manticore
   792 | D        | Noticed a meliai
   792 | D        | Noticed an efreet
   798 | D        | Killed a deep elf pyromancer
   798 | D        | Reached *** piety under Okawaru
   799 | D        | Reached skill level 12 in Maces & Flails
   799 | D        | Reached XP level 8. HP: 75/78 MP: 7/7
   804 | D        | Killed from afar by an efreet

Illustrated notes

Levels and vault maps discovered:
D:        linesprint [early_d, line_temple, items_1, d_10, items_2, lair_1,
          lair_end, items_3, orc_1, orc_end, items_4, d_15, swamp_1, shoals_1,
          snake_1, spider_1, d_20, vaults_1, items_5, swamp_end, shoals_end,
          snake_end, spider_end, vaults_end, d_27, items_6, zot_1, zot_end,
          crypt_end, forest_end, elf_end, slime_end, tomb_end, abyss_end,
          pan_hell_end]

Skill      XL: |  1  2  3  4  5  6  7 |
---------------+----------------------+-----
Maces & Flails | 3 6 8 10 11 12 | 12.7
Dodging        | 1 3 5 6 8 |  8.0
Fighting       | 4 5 6 7 8 9 |  9.5
Armour         | 4 5 6 7 8 9 |  9.7
Shields        | 4 5 7 8 9 |  9.8

Action                     |  1- 3 |  4- 6 |  7- 9 || total
---------------------------+-------+-------+-------++-------
  Melee: Flail             |    30 |    18 |    17 ||    65
         Headbutt          |     1 |     2 |     5 ||     8
    Use: Potion            |     1 |     1 |     1 ||     3
 Armour: Scale mail        |    14 |     5 |     3 ||    22
  Dodge: Dodged            |     8 |     6 |     6 ||    20
  Block: Buckler           |     5 |     3 |       ||     8

Table legend: (Time is in decaauts)
 A = Elapsed time spent in this place.
 B = Non-inter-level travel time spent in this place.
 C = Inter-level travel time spent in this place.
 D = Time resting spent in this place.
 E = Time spent auto-exploring this place.
 F = Levels seen in this place.
 G = Mean time per level.
                   A        B        C        D        E       F      G
               +--------+--------+--------+--------+--------+-----+--------+
         Total |    814 |    814 |      0 |    648 |      0 |   1 |  814.0 |
       Dungeon |    814 |    814 |      0 |    648 |      0 |   1 |  814.0 |
               +--------+--------+--------+--------+--------+-----+--------+

Top non-repeatable levels by time:
       D: 814 daAuts
